 Dungeon Crawl Stone Soup version 0.28.0 (webtiles) character file.

Game seed: 14648076581874773381

1908 hikkokomori the Shield-Bearer (level 9, -3/72 HPs)
             Began as a Formicid Fighter on Feb 14, 2022.
             Slain by a two-headed ogre (18 damage)
             ... on level 8 of the Dungeon.
             The game lasted 00:12:10 (4902 turns).

hikkokomori the Shield-Bearer (Formicid Fighter)    Turns: 4902, Time: 00:12:11

Health: -3/72      AC: 14    Str: 24    XL:     9   Next: 38%
Magic:  9/9        EV:  6    Int:  9    God:
Gold:   322        SH:  5    Dex: 10    Spells: 8/8 levels left

rFire   . . .      SeeInvis +   q - +2 whip (elec)
rCold   . . .      Faith    .   c - +0 buckler
rNeg    . . .      Spirit   .   s - +0 plate armour
rPois   .          Reflect  .   (helmet unavailable)
rElec   .          Harm     .   (no cloak)
rCorr   .          Rampage  .   y - +0 pair of gloves
Will    .....                   (no boots)
Stlth   ..........              g - amulet of regeneration
HPRegen 1.02/turn               (no ring)
MPRegen 0.11/turn               (no ring)

@: no status effects
A: permanent stasis, dig shafts and tunnels, antennae 3, four strong arms
a: Dig, Shaft Self


You were on level 8 of the Dungeon.
You visited 1 branch of the dungeon, and saw 8 of its levels.

You collected 322 gold pieces.

Inventory:

Hand Weapons
 a - a +0 war axe
 q - a +2 whip of electrocution (weapon)
 B - a +0 halberd
 C - a +4 halberd
Armour
 b - a +0 scale mail
 c - a +0 buckler (worn)
 s - a +0 plate armour (worn)
 y - a +0 pair of gloves (worn)
Jewellery
 g - an amulet of regeneration (around neck)
 o - a ring of protection from cold
 z - an amulet of reflection
 A - a ring of magical power
 D - a ring of wizardry
Scrolls
 e - a scroll of amnesia {unknown}
 h - 2 scrolls of fear {unknown}
 j - 6 scrolls of identify {unknown}
 l - 2 scrolls of teleportation {unknown}
 m - a scroll of vulnerability {unknown}
 p - 2 scrolls of magic mapping {unknown}
 r - a scroll of fog {unknown}
 t - 2 scrolls of noise {unknown}
 v - a scroll of blinking {unknown}
 w - a scroll of immolation {unknown}
Potions
 d - a potion of might
 f - a potion of heal wounds {unknown}
 i - 4 potions of mutation {unknown}
 k - 2 potions of curing {unknown}
 n - 2 potions of invisibility {unknown}
 x - a potion of flight {unknown}


   Skills:
 + Level 7.1 Fighting
 - Level 3.3(4.6) Axes
 + Level 4.8(5.3) Maces & Flails
 + Level 7.2 Armour
 + Level 7.8 Shields


You had 8 spell levels left.
You didn't know any spells.
Your spell library contained the following spells:

 Spells                   Type           Power      Damage    Failure   Level
 Summon Guardian Golem    Hex/Summ       0%         N/A       100%        3
 Dispersal                Tloc           0%         N/A       100%        6
 Orb of Destruction       Conj           0%         9d5       100%        7
 Spellforged Servitor     Conj/Summ      0%         N/A       100%        7
 Disjunction              Tloc           0%         N/A       100%        8


Dungeon Overview and Level Annotations

Branches:
Dungeon (8/15)
 Temple: D:4-7         Lair: D:8-11

Altars:
Elyvilon
Gozag
Uskayaw
Yredelemnul

Shops:
D:1 =   D:5 [   D:8 (

Annotations:
D:5 3 runed translucent doors, Barbarella's ghost, novice TrMo; rrix's ghost, novice DrCj


Innate Abilities, Weirdness & Mutations

You cannot be hasted, slowed, berserked, paralysed or teleported.
You can dig through walls and to a lower floor.
You have a pair of large antennae on your head. (SInv)
Your four strong arms can wield two-handed weapons with a shield.


Message History

Aim: a two-headed ogre, wielding a +0 giant club and a +0 giant spiked club (lightly wounded, 85% to hit)
The puff of flame hits the two-headed ogre.
The two-headed ogre is lightly wounded.
Aiming: Throw Flame
Press: ? - help, Shift-Dir - straight line, f/p - two-headed ogre
Aim: a two-headed ogre, wielding a +0 giant club and a +0 giant spiked club (lightly wounded, 85% to hit)
The puff of flame hits the two-headed ogre.
The two-headed ogre is moderately wounded.
The now-empty wand crumbles to dust.
Okay, then.
You hit the two-headed ogre but do no damage.
The two-headed ogre is moderately wounded.
The two-headed ogre hits you with a +0 giant club!
You block the two-headed ogre's attack.
You hit the two-headed ogre.
The two-headed ogre is moderately wounded.
The two-headed ogre hits you but does no damage.
The two-headed ogre hits you with a +0 giant spiked club!
You hit the two-headed ogre.
The two-headed ogre is moderately wounded.
You hit the two-headed ogre.
The two-headed ogre is moderately wounded.
The two-headed ogre hits you with a +0 giant club!
The two-headed ogre hits you with a +0 giant spiked club.
You hit the two-headed ogre but do no damage.
The two-headed ogre is moderately wounded.
You block the two-headed ogre's attack.
The two-headed ogre completely misses you.
You barely miss the two-headed ogre.
The two-headed ogre is moderately wounded.
You hit the two-headed ogre.
The two-headed ogre is moderately wounded.
The two-headed ogre hits you with a +0 giant club!!
* * * LOW HITPOINT WARNING * * *
The two-headed ogre hits you but does no damage.
You barely miss the two-headed ogre.
The two-headed ogre is moderately wounded.
Okay, then.
The two-headed ogre hits you with a +0 giant club!!
You die...

### #.#
#.###########
#..@O........
#.###########
#.#
#.#############
#.............#
#############.#
#.##### #.#...#
#8.8.8#


You could see a two-headed ogre.

Vanquished Creatures
  A water moccasin (D:6)
  An ice beast (D:5)
  3 ogres
  2 phantoms (D:6)
  4 bullfrogs
  A water moccasin skeleton (D:6)
  4 wights
  An electric eel (D:7)
  2 bullfrog zombies
  A centaur zombie (D:5)
  5 hounds
  2 orc priests
  2 gnoll shamans
  A jelly (D:6)
  Jessica (D:3)
  5 orc wizards
  3 howler monkey skeletons
  10 gnolls
  6 adders
  A shadow imp (D:7)
  A white imp (D:6)
  An adder skeleton (D:2)
  A dart slug (D:2)
  10 orcs
  4 ball pythons
  3 bats
  4 endoplasms
  A giant cockroach (D:2)
  7 goblins
  7 hobgoblins
  3 jackals (D:4)
  5 quokkas
  3 frilled lizards
  4 kobolds
  5 rats
115 creatures vanquished.

Vanquished Creatures (others)
  6 withered plants (D:5)
6 creatures vanquished.

Grand Total: 121 creatures vanquished

Notes
Turn   | Place    | Note
-------+----------+-------------------------------------------
     0 | D:1      | hikkokomori the Formicid Fighter began the quest for the
                  | Orb.
     0 | D:1      | Reached XP level 1. HP: 18/18 MP: 1/1
   219 | D:1      | Reached XP level 2. HP: 24/24 MP: 2/2
   219 | D:1      | Found Puod's Jewellery Shop.
   475 | D:1      | Reached XP level 3. HP: 29/29 MP: 3/3
   965 | D:2      | Reached XP level 4. HP: 35/37 MP: 4/4
  1176 | D:3      | Found a faded altar of an unknown god.
  1212 | D:3      | Found a basalt altar of Yredelemnul.
  1224 | D:3      | Found a hide-covered altar of Uskayaw.
  1225 | D:3      | Found an opulent altar of Gozag.
  1232 | D:3      | Found a white marble altar of Elyvilon.
  1379 | D:3      | Noticed Jessica
  1389 | D:3      | Killed Jessica
  1490 | D:3      | Reached XP level 5. HP: 42/42 MP: 5/5
  1953 | D:5      | Entered Level 5 of the Dungeon
  2051 | D:5      | Reached XP level 6. HP: 44/49 MP: 6/6
  2293 | D:5      | Noticed an ice beast
  2309 | D:5      | Killed an ice beast
  2310 | D:5      | Reached skill level 1 in Maces & Flails
  2310 | D:5      | Reached skill level 5 in Shields
  2352 | D:5      | Found a runed translucent gate.
  2353 | D:5      | Found a runed translucent gate.
  2353 | D:5      | Found a runed translucent gate.
  2354 | D:5      | Noticed rrix's ghost (novice DrCj)
  2354 | D:5      | Noticed Barbarella's ghost (novice TrMo)
  2459 | D:5      | Reached XP level 7. HP: 51/55 MP: 7/7
  2469 | D:5      | Reached skill level 5 in Armour
  2480 | D:5      | Reached skill level 5 in Fighting
  2509 | D:5      | Found Dasamue's Armour Boutique.
  3025 | D:6      | Noticed a water moccasin
  3043 | D:6      | Killed a water moccasin
  3044 | D:6      | Reached XP level 8. HP: 45/63 MP: 8/8
  3910 | D:7      | Reached XP level 9. HP: 69/71 MP: 9/9
  4854 | D:8      | Found Teuhigegh's Weapon Boutique.
  4887 | D:8      | Noticed a two-headed ogre
  4902 | D:8      | Slain by a two-headed ogre

Illustrated notes

Levels and vault maps discovered:
D:1:      minmay_arrival_jagged, layout_basic, serial_shops, shop
D:2:      layout_rooms
D:3:      layout_basic, nicolae_overflow_quartered_altars,
          hellmonk_ecumenical_altar_run_dry, nicolae_figureground_pulse,
          uniq_jessica
D:4:      minmay_clustersquares, layout_cave_pods, old_standard_altar,
          minmay_temple_entry_wispy, uniq_crazy_yiuf_cottage
D:5:      layout_gridville, gammafunk_ghost_cemetery, serial_shops,
          kennysheep_mini_moat, roderic_serpentine_path
D:6:      layout_gridville, serial_park_tiny_2
D:7:      layout_loops_ring, kennysheep_dice
D:8:      layout_basic, mainiacjoe_overflow_brackets,
          mainiacjoe_overflow_tiny_flanked, serial_shops,
          nicolae_shop_temple_entry_statues_fountains, gammafunk_ghost_icy

Skill      XL: |  1  2  3  4  5  6  7  8  9 |
---------------+----------------------------+-----
Shields        | 4 5 6 7 |  7.8
Armour         | 4 5 6 7 |  7.2
Fighting       | 4 5 6 7 |  7.1
Axes           | 3 |  3.3
Maces & Flails | 1 2 4 |  4.8

Action                   |  1- 3 |  4- 6 |  7- 9 || total
-------------------------+-------+-------+-------++-------
Melee: War axe           |    86 |   139 |       ||   225
       Whip              |       |     3 |   246 ||   249
 Abil: Dig               |       |       |     2 ||     2
Evoke: Wand              |       |       |     4 ||     4
Armor: Scale mail        |    31 |    53 |       ||    84
       Plate armour      |       |    25 |    93 ||   118
Dodge: Dodged            |    49 |    57 |    49 ||   155
Block: Buckler           |    18 |    33 |    46 ||    97
